 Dungeon Crawl Stone Soup version 0.30.1-4-g462c640d31 (webtiles) character file.

Game seed: 3531104660172093387

78 leafyfresh the Covert (level 4, 0/41 HPs)
             Began as a Gnoll Delver on Aug 10, 2023.
             Slain by an orc
             ... wielding a +0 hand axe
              (6 damage)
             ... on level 2 of the Dungeon.
             The game lasted 00:02:26 (1463 turns).

leafyfresh the Covert (Gnoll Delver)                Turns: 1463, Time: 00:02:27

Health: 0/41       AC:  6    Str: 11    XL:     4   Next: 36%
Magic:  5/5        EV: 13    Int: 11    God:
Gold:   93         SH:  0    Dex: 14    Spells: 5/5 levels left

rFire   . . .        a - +0 short sword
rCold   . . .        (no shield)
rNeg    . . .        b - +0 leather armour
rPois   .            h - +2 hat
rElec   .            n - +0 cloak
rCorr   .            (no gloves)
SInv    .            (no boots)
Will    .....        (no amulet)
Stlth   ++++         (no ring)
HPRegen 0.26/turn    (no ring)
MPRegen 0.09/turn

%: no passive effects
@: no status effects
A: fangs 1, strong nose, distributed training
a: no special abilities


You were on level 2 of the Dungeon.
You visited 1 branch of the dungeon, and saw 4 of its levels.

You collected 93 gold pieces.

Inventory:

Hand Weapons
 a - a +0 short sword (weapon)
Missiles
 v - 3 javelins (quivered)
Armour
 b - a +0 leather armour (worn)
 h - a +2 hat (worn)
 n - a +0 cloak (worn)
Magical Staves
 o - a staff of death
 u - a staff of air
Wands
 g - a wand of digging (3)
Scrolls
 c - a scroll of fog
 d - a scroll of magic mapping
 e - a scroll of fear
 i - a scroll of immolation {unknown}
 k - a scroll of identify {unknown}
 p - 2 scrolls of poison {unknown}
Potions
 f - a potion of haste
 j - a potion of flight {unknown}
 l - a potion of resistance {unknown}
 m - a potion of might {unknown}
 q - 2 potions of brilliance {unknown}
 r - a potion of attraction {unknown}
 s - 2 potions of lignification {unknown}
 t - 3 potions of invisibility {unknown}


   Skills:
 + Level 6.6 Fighting
 + Level 4.6 Short Blades
 + Level 1.2 Long Blades
 + Level 1.2 Axes
 + Level 1.2 Maces & Flails
 + Level 1.2 Polearms
 + Level 1.2 Staves
 + Level 1.2 Ranged Weapons
 + Level 1.2 Throwing
 + Level 1.2 Armour
 + Level 4.6 Dodging
 + Level 9.6 Stealth
 + Level 1.2 Shields
 + Level 1.2 Unarmed Combat
 + Level 1.2 Spellcasting
 + Level 1.0 Conjurations
 + Level 1.0 Hexes
 + Level 1.0 Summonings
 + Level 1.0 Necromancy
 + Level 1.0 Translocations
 + Level 1.0 Transmutations
 + Level 1.0 Fire Magic
 + Level 1.0 Ice Magic
 + Level 1.0 Air Magic
 + Level 1.0 Earth Magic
 + Level 1.0 Poison Magic
 + Level 1.3 Invocations
 + Level 1.2 Evocations


You had 5 spell levels left.
You didn't know any spells.
Your spell library contained the following spells:

 Spells                   Type           Power      Damage    Failure   Level
 Apportation              Tloc           4%         N/A       28%         1
 Cigotuvi's Dreadful Rot  Necr/Pois/Air  4%         N/A       38%         2
 Dazzling Flash           Conj/Hex       4%         N/A       63%         3
 Ignite Poison            Fire/Tmut/Pois 2%         N/A       63%         3
 Agony                    Necr           2%         N/A       100%        5
 Alistair's Intoxication  Tmut/Pois      1%         N/A       100%        5
 Freezing Cloud           Conj/Ice/Air   1%         6-21      100%        5
 Silence                  Hex/Air        1%         N/A       100%        5


Dungeon Overview and Level Annotations

Branches:
Dungeon (5/15)
 Temple: D:4-7

Altars:


Innate Abilities, Weirdness & Mutations

You have very sharp teeth.
Your uncanny sense of smell can sniff out nearby items.
Your experience applies equally to all skills.


Message History

You hit the orc priest.
The orc priest is almost dead.
The orc closely misses you. The orc priest barely misses you.
The orc barely misses you.
Unknown command.
You hit the orc priest.
You kill the orc priest!
The orc hits you but does no damage. The orc hits you with a +0 hand axe.
* * * LOW HITPOINT WARNING * * *
The orc closely misses you.
Your Conjurations skill increases to level 1!
Your Hexes skill increases to level 1!
Your Summonings skill increases to level 1!
Your Necromancy skill increases to level 1!
Your Translocations skill increases to level 1!
Your Transmutations skill increases to level 1!
Your Fire Magic skill increases to level 1!
Your Ice Magic skill increases to level 1!
Your Air Magic skill increases to level 1!
Your Earth Magic skill increases to level 1!
Your Poison Magic skill increases to level 1!
You have reached level 4!
You feel agile.
You hit the orc.
The orc is moderately wounded.
The orc closely misses you. The orc misses you.
Unknown command.
You hit the orc but do no damage.
The orc is moderately wounded.
The orc hits you with a +1 dagger of speed.
* * * LOW HITPOINT WARNING * * *
Unknown command.
You closely miss the orc.
The orc is moderately wounded.
The orc barely misses you. The orc closely misses you.
Unknown command.
You hit the orc but do no damage.
The orc is moderately wounded.
The orc hits you with a +0 hand axe.
You die...

#############################
.......................†....#
###########################.#
################## #.#
#................# #.#
#.########...o...# #.#
#.#...####..)@...# #.#
#.#......'....o..# #.#
#.###'####.......# #.#
#.##......######.# #.#
#.##......# #.# #.#
#.##......# #.#######.#
####.##......# #.........#
.........##### ###########
#.#...####


You could see 2 orcs.

Vanquished Creatures
  An orc priest (D:2)
  2 adders
  A dart slug (D:2)
  3 endoplasms
  3 giant cockroaches
  4 hobgoblins
  2 quokkas (D:2)
  2 ball pythons
  4 bats (D:2)
  A frilled lizard (D:2)
  2 goblins (D:2)
  2 kobolds (D:2)
  A rat (D:3)
28 creatures vanquished.

Notes
Turn   | Place    | Note
-------+----------+-------------------------------------------
     0 | D:5      | Reached skill level 9 in Stealth
     0 | D:5      | leafyfresh the Gnoll Delver began the quest for the Orb.
     0 | D:5      | Reached XP level 1. HP: 23/23 MP: 1/1
    37 | D:5      | Reached XP level 2. HP: 27/29 MP: 2/2
   330 | D:5      | Noticed a phantom
   349 | D:4      | Noticed a scorpion
   713 | D:2      | Reached XP level 3. HP: 34/35 MP: 3/3
   838 | D:2      | Reached skill level 1 in Invocations
  1247 | D:2      | Reached skill level 1 in Long Blades
  1247 | D:2      | Reached skill level 1 in Axes
  1247 | D:2      | Reached skill level 1 in Maces & Flails
  1247 | D:2      | Reached skill level 1 in Polearms
  1247 | D:2      | Reached skill level 1 in Staves
  1247 | D:2      | Reached skill level 1 in Ranged Weapons
  1247 | D:2      | Reached skill level 1 in Throwing
  1247 | D:2      | Reached skill level 1 in Armour
  1247 | D:2      | Reached skill level 1 in Shields
  1247 | D:2      | Reached skill level 1 in Unarmed Combat
  1247 | D:2      | Reached skill level 1 in Spellcasting
  1247 | D:2      | Reached skill level 1 in Evocations
  1460 | D:2      | Reached skill level 1 in Conjurations
  1460 | D:2      | Reached skill level 1 in Hexes
  1460 | D:2      | Reached skill level 1 in Summonings
  1460 | D:2      | Reached skill level 1 in Necromancy
  1460 | D:2      | Reached skill level 1 in Translocations
  1460 | D:2      | Reached skill level 1 in Transmutations
  1460 | D:2      | Reached skill level 1 in Fire Magic
  1460 | D:2      | Reached skill level 1 in Ice Magic
  1460 | D:2      | Reached skill level 1 in Air Magic
  1460 | D:2      | Reached skill level 1 in Earth Magic
  1460 | D:2      | Reached skill level 1 in Poison Magic
  1460 | D:2      | Reached XP level 4. HP: 7/41 MP: 5/5
  1463 | D:2      | Slain by an orc

Illustrated notes

Levels and vault maps discovered:
D:2:      layout_basic, minmay_crystal_water
D:3:      layout_rooms, ebering_ghost_gozag
D:4:      layout_rooms, chequers_temple_overflow_minitemple
D:5:      layout_basic

Skill      XL: |  1  2  3 |
---------------+----------+-----
Stealth        | |  9.6
Invocations    | 1 |  1.3
Long Blades    | 1 |  1.2
Axes           | 1 |  1.2
Maces & Flails | 1 |  1.2
Polearms       | 1 |  1.2
Staves         | 1 |  1.2
Ranged Weapons | 1 |  1.2
Throwing       | 1 |  1.2
Armour         | 1 |  1.2
Shields        | 1 |  1.2
Unarmed Combat | 1 |  1.2
Spellcasting   | 1 |  1.2
Evocations     | 1 |  1.2
Conjurations   | 1 |  1.0
Hexes          | 1 |  1.0
Summonings     | 1 |  1.0
Necromancy     | 1 |  1.0
Translocations | 1 |  1.0
Transmutations | 1 |  1.0
Fire Magic     | 1 |  1.0
Ice Magic      | 1 |  1.0
Air Magic      | 1 |  1.0
Earth Magic    | 1 |  1.0
Poison Magic   | 1 |  1.0
Fighting       | |  6.6
Short Blades   | |  4.6
Dodging        | |  4.6

Action                     |  1- 3 |  4- 6 || total
---------------------------+-------+-------++-------
  Melee: Short sword       |    97 |     4 ||   101
         Bite              |     8 |       ||     8
         Punch             |     2 |       ||     2
   Stab: Sleeping          |    12 |       ||    12
 Armour: Leather armour    |    33 |       ||    33
  Dodge: Dodged            |    66 |     4 ||    70
